 Dungeon Crawl Stone Soup version 0.18-a0-775-g4d9e04e (webtiles) character file.

1613 4thArraOfDagon the Cleaver (level 8, 0/73 HPs)
             Began as a Hill Orc Berserker on Dec 13, 2015.
             Was a Believer of Trog.
             Slain by an orc
             ... wielding a +0 trident
              (4 damage)
             ... on level 11 of the Dungeon.
             The game lasted 00:05:41 (1246 turns).

4thArraOfDagon the Cleaver (Hill Orc Berserker)     Turns: 1246, Time: 00:05:42

Health: 0/73       AC:  6    Str: 22    XL:     8   Next: 95%
Magic:  8/8        EV: 11    Int:  7    God:    Trog [**....]
Gold:   170        SH:  0    Dex: 10    Spells: 0 memorised, 7 levels left

rFire  . . .     SeeInvis .     u - +0 battleaxe
rCold  . . .     Clarity  .     i - +0 ring mail
rNeg   . . .     SustAt   .     (shield currently unavailable)
rPois  .         Gourm    .     (no helmet)
rElec  .         Spirit   .     (no cloak)
rCorr  .         Dismiss  .     (no gloves)
rMut   .         Stasis   .     (no boots)
MR     .....                    v - amulet of faith
Stlth  ..........               (no ring)
                                (no ring)

@: exhausted, slowed, very slow, not resistant to hostile enchantments,
extremely unstealthy
A: no striking features
a: Berserk, Trog's Hand, Burn Spellbooks, Renounce Religion


You were on level 11 of the Dungeon.
You worshipped Trog.
Trog was pleased with you.
You were hungry.

You visited 1 branch of the dungeon, and saw 11 of its levels.

You collected 170 gold pieces.

Inventory:

Hand Weapons
 u - a +0 battleaxe (weapon)
Missiles
 A - 6 javelins of returning (quivered)
Armour
 i - a +0 ring mail (worn)
Jewellery
 f - an uncursed amulet of dismissal
 v - an amulet of faith (around neck)
Wands
 q - a wand of lightning (6)
 s - a wand of frost (26)
 z - a wand of lightning (3)
 C - a wand of flame (30)
Scrolls
 a - a scroll of teleportation {unknown}
 b - 3 scrolls of remove curse
 g - a scroll of enchant armour {unknown}
 j - a scroll of fear {unknown}
 p - a scroll of enchant weapon {unknown}
 t - 2 scrolls of amnesia {unknown}
 y - a scroll of magic mapping {unknown}
 B - 2 scrolls of blinking {unknown}
Potions
 h - a potion of flight {unknown}
 m - a potion of berserk rage
 n - a potion of brilliance
 w - a potion of curing
Books
 r - a book of Clouds

   Spells                             Type                      Level
   a - Mephitic Cloud                 Conjuration/Poison/Air       3
   b - Conjure Flame                  Conjuration/Fire             3
   c - Poisonous Cloud                Conjuration/Poison/Air       6
   d - Freezing Cloud                 Conjuration/Ice/Air          6
   e - Ring of Flames                 Charms/Fire                  7
   Trog disapproves of the use of such an item.
Comestibles
 c - 3 bread rations
 k - a meat ration
 l - a beef jerky
 o - 5 fruits
 x - 3 chunks of flesh


   Skills:
 + Level 7.4 Fighting
 * Level 10.8 Axes
 + Level 6.3 Armour
 - Level 1.5 Dodging


You had 7 spell levels left.
You didn't know any spells.

Dungeon Overview and Level Annotations

Branches:
Dungeon (11/15)              Lair (0/8) D:9
 Temple: D:4-7          Orc: D:9-12

Altars:
Kikubaaqudgha
The Shining One

Annotations:
D:4 crawlian's ghost, weakling DEEE


Message History

* * * LOW HITPOINT WARNING * * *
The two-headed ogre barely misses you. x2
Unknown command.
Unknown command.
Unknown command.
You hit the two-headed ogre but do no damage.
The two-headed ogre is severely wounded.
The orc hits you from afar with a trident.
* * * LOW HITPOINT WARNING * * *
The two-headed ogre hits you with a giant club.
* * * LOW HITPOINT WARNING * * *
The two-headed ogre barely misses you. The orc closely misses you.
Unknown command.
Unknown command.
You slash the two-headed ogre!
You kill the two-headed ogre!
Trog accepts your kill.
Your life force feels restored.
The orc hits you from afar with a trident.
You die...

.# .#
####.#
...?##
###....
.o...
#))#
#)@#
#..#
#..#
#..#
#..#
....
#...
####


You could see an orc.

Vanquished Creatures
  A centaur skeleton (D:10)
  A fire drake (D:9)
  A two-headed ogre (D:11)
  A hippogriff (D:9)
  An orc warrior (D:8)
  A necrophage (D:9)
  A centaur (D:4)
  3 wights (D:11)
  A crimson imp (D:9)
  3 hounds
  4 orc priests
  3 orc wizards
  A worker ant zombie (D:10)
  3 adders
  An ooze (D:4)
  2 giant geckos
  15 orcs
  A ball python (D:4)
  A bat (D:2)
  2 goblins
  3 jackals (D:9)
  A giant newt (D:1)
  3 kobolds
  A rat (D:2)
55 creatures vanquished.

Notes
Turn   | Place    | Note
--------------------------------------------------------------
     0 | D:1      | 4thArraOfDagon the Hill Orc Berserker began the quest for the Orb.
     0 | D:1      | Reached XP level 1. HP: 19/19 MP: 1/1
   222 | D:4      | Noticed an orc priest
   222 | D:4      | Noticed a centaur
   222 | D:4      | Noticed crawlian's ghost (weakling DEEE)
   254 | D:2      | Reached XP level 2. HP: 17/27 MP: 2/2
   287 | D:3      | Reached XP level 3. HP: 33/33 MP: 3/3
   291 | D:3      | Reached skill level 5 in Axes
   345 | D:4      | Reached XP level 4. HP: 29/40 MP: 4/4
   348 | D:4      | Reached ** piety under Trog
   353 | D:4      | Killed a centaur
   353 | D:4      | Reached skill level 6 in Axes
   353 | D:4      | Reached XP level 5. HP: 18/47 MP: 5/5
   364 | D:5      | Entered Level 5 of the Dungeon
   510 | D:5      | Reached XP level 6. HP: 33/55 MP: 6/6
   610 | D:7      | Found an ancient bone altar of Kikubaaqudgha.
   627 | D:7      | Found a glowing golden altar of the Shining One.
   730 | D:8      | Reached skill level 5 in Fighting
   730 | D:8      | Reached skill level 7 in Axes
   865 | D:8      | Reached XP level 7. HP: 43/61 MP: 7/7
  1005 | D:9      | Reached skill level 8 in Axes
  1034 | D:9      | Noticed a hippogriff
  1049 | D:9      | Killed a hippogriff
  1054 | D:9      | Reached skill level 5 in Armour
  1092 | D:9      | Noticed a fire drake
  1111 | D:9      | Killed a fire drake
  1111 | D:9      | Reached skill level 9 in Axes
  1111 | D:9      | Reached XP level 8. HP: 50/71 MP: 8/8
  1125 | D:9      | Found a staircase to the Lair.
  1174 | D:10     | Entered Level 10 of the Dungeon
  1174 | D:10     | Noticed a centaur skeleton
  1181 | D:10     | Killed a centaur skeleton
  1181 | D:10     | Reached skill level 10 in Axes
  1238 | D:11     | Noticed a two-headed ogre
  1246 | D:11     | Killed a two-headed ogre
  1246 | D:11     | Slain by an orc

Vault maps used:
D:1:      onia_arrival_mini_spirals
D:2:      ecumenical_altar_1, first_bread, kennysheep_crisscross
D:3:      kennysheep_six_static_rooms, nicolae_qazlal_eye_of_the_storm,
          minmay_goblin_kobold_house
D:4:      lemuel_coloured_pillars_altar, portal_sewer_entry_b, uniq_eustachio
D:5:      fiery_altar_vehumet, kennysheep_okawaru_gauntlet, lemuel_round_altar,
          nicolae_overflow_hidden_temple
D:6:      lemuel_doored_altar, minmay_temple_entry_mist, basic_altar,
          minmay_tree_intersection, uniq_blork_the_orc, uniq_grinder
D:7:      overflow_temple_1_default, tso_oasis_becter
D:8:      kennysheep_mini
D:9:      xom_butterflies, marbit_many_paths, minmay_lair_entry_lava
D:10:     special_room

Action                   |  1- 3 |  4- 6 |  7- 9 || total
-------------------------+-------+-------+-------++-------
Melee: Hand axe          |    51 |    61 |       ||   112
       Battleaxe         |       |       |    53 ||    53
Invok: Berserk           |     2 |     2 |     3 ||     7
       Trog's Hand       |       |     1 |     1 ||     2
  Use: Scroll            |       |       |     5 ||     5
  Eat: Chunk             |       |     3 |     5 ||     8
